Map: Ruins of Seras

Players

NoN - Winner!

  • Race: Zerg Zerg
  • League: Diamond

Seigifried

  • Race: Protoss Protoss
  • League: Platinum

Event: Gauntlet LotV Series 1 Qualifier 2

VOD

Have the link to the VOD?

Description

Time

  • Played on: Dec. 5, 2015, 2:25 p.m.
  • Length: 9:33

All games in this series

Show
View Real Time Build Order
Export as new Build Order

NoN Zerg - Winner!

Build Orders: Hatch First 

Get SALT Encoding   

  12  0:04  Drone  
  13  0:14  Overlord  
  13  0:19  Drone  
  14  0:32  Drone x2  
  16  0:38  Drone  
  17  0:48  Drone  
  18  0:59  Hatchery  
  18  1:00  Drone  
  18  1:07  Extractor  
  18  1:08  Drone  
  18  1:20  Spawning Pool  
  18  1:22  Drone  
  18  1:30  Drone  
  19  1:41  Overlord  
  19  1:51  Drone  
  20  2:04  Drone  
  20  2:06  Queen  
  23  2:08  Metabolic Boost  
  23  2:10  Queen  
  23  2:13  Drone  
  23  2:15  Drone  
  27  2:25  Drone x2  
  29  2:33  Drone  
  29  2:36  Drone  
  31  2:44  Drone  
  32  2:46  Drone  
  33  2:55  Drone, Extractor  
  33  2:58  Roach Warren  
  33  3:00  Drone  
  33  3:05  Drone  
  34  3:07  Overlord  
  34  3:16  Overlord x4  
  34  3:40  Roach x5  
  44  3:43  Roach  
  46  3:50  Roach x3  
  46  3:55  Zergling x8  
  53  3:56  Zergling x2  
  53  4:02  Ravager x2  
  59  4:08  Overlord  
  59  4:11  Ravager  
  59  4:12  Zergling x2  
  61  4:18  Zergling x4  
  64  4:24  Ravager  
  64  4:27  Zergling x2  
  64  4:28  Zergling x10  
  70  4:35  Zergling x2  
  71  4:47  Zergling x4  
  73  4:55  Hatchery  
  73  4:59  Zergling x14  
  69  5:15  Lair  
  69  5:18  Zergling x4  
  71  5:21  Extractor  
  65  5:41  Drone x3  
  65  5:42  Drone x3  
  67  5:47  Extractor  
  57  6:03  Drone x5  
  53  6:15  Hydralisk Den  
  50  6:21  Drone  
  50  6:22  Drone x4  
  50  6:23  Drone x2  
  57  6:37  Queen  
  59  6:45  Hydralisk  
  59  6:46  Hydralisk x7  
  75  6:50  Muscular Augments  
  75  6:53  Hydralisk  
  77  7:07  Drone x7  
  84  7:16  Hydralisk x3  
  84  7:22  Overlord x2  
  90  7:28  Extractor  
  89  7:34  Evolution Chamber, Overlord x2  
  88  7:41  Drone  
  88  7:43  Drone x2  
  88  7:44  Drone  
  92  7:45  Drone x2  
  92  7:47  Hydralisk  
  92  7:48  Hydralisk  
  98  7:55  Hydralisk x3  
  104  8:03  Overlord  
  104  8:04  Overseer  
  104  8:10  Roach  
  104  8:11  Roach x3  
  112  8:13  Roach  
  112  8:19  Overlord  
  114  8:20  Overlord  
  114  8:25  Roach x3  
  120  8:28  Overlord  
  120  8:37  Drone x3, Extractor  
  120  8:38  Drone  
  120  8:40  Ravager  
  120  8:41  Ravager x4  
  128  8:43  Drone x3  
  128  8:46  Roach x2  
  135  9:01  Drone  
  136  9:04  Hydralisk  
  136  9:05  Hydralisk  
  140  9:14  Hatchery  
Show
View Real Time Build Order
Export as new Build Order

Seigifried Protoss 

Build Orders: Nexus First 

Get SALT Encoding   

  12  0:02  Probe (Chrono Boost)  
  13  0:12  Probe (Chrono Boost)  
  14  0:24  Pylon  
  14  0:26  Probe (Chrono Boost)  
  15  0:42  Probe (Chrono Boost)  
  16  1:01  Nexus  
  16  1:08  Probe (Chrono Boost)  
  17  1:18  Probe (Chrono Boost)  
  17  1:23  Gateway  
  18  1:29  Assimilator  
  18  1:30  Probe (Chrono Boost)  
  19  1:41  Probe (Chrono Boost)  
  19  1:45  Pylon  
  20  1:55  Probe (Chrono Boost)  
  21  2:03  Assimilator  
  21  2:05  Probe (Chrono Boost), Pylon  
  22  2:15  Cybernetics Core  
  22  2:19  Probe x2 (Chrono Boost)  
  24  2:39  Gateway  
  24  2:40  Gateway  
  24  2:44  Zealot (Chrono Boost)  
  26  2:50  Mothership Core (Chrono Boost)  
  26  2:54  Warp Gate  
  28  3:06  Pylon  
  28  3:09  Probe  
  28  3:10  Probe  
  32  3:13  Sentry (Chrono Boost)  
  32  3:19  Probe  
  31  3:22  Probe  
  33  3:34  Gateway, Probe  
  33  3:35  Probe  
  35  3:46  Probe  
  36  3:53  Stargate  
  36  3:54  Probe  
  36  3:58  Probe  
  38  4:05  Probe  
  39  4:11  Probe  
  39  4:15  Probe  
  40  4:21  Forge  
  40  4:22  Stargate  
  40  4:23  Probe  
  42  4:26  Probe  
  43  4:32  Assimilator  
  43  4:33  Pylon  
  43  4:35  Probe  
  43  4:36  Probe  
  45  4:44  Void Ray (Chrono Boost)  
  49  4:47  Probe  
  49  4:51  Probe  
  51  4:53  Assimilator  
  51  4:59  Probe  
  52  5:01  Stalker  
  54  5:09  Pylon  
  54  5:11  Pylon  
  54  5:12  Pylon  
  49  5:20  Pylon x2  
  49  5:22  Pylon  
  49  5:34  Zealot, Void Ray (Chrono Boost)  
  24  6:14  Void Ray (Chrono Boost)  
  24  6:15  Probe  
  25  6:21  Pylon  
  25  6:31  Probe  
  26  6:44  Probe  
  27  6:50  Pylon  
  27  6:51  Sentry  
  29  6:56  Probe  
  30  7:14  Void Ray (Chrono Boost)  
  34  7:16  Probe  
  35  7:28  Probe  
  36  7:51  Nexus  
  36  7:57  Sentry  
  38  7:59  Sentry  
  40  8:06  Pylon  
  40  8:10  Probe  
  41  8:30  Gateway  
  41  8:35  Sentry, Adept  
  41  8:38  Sentry  
  47  9:00  Probe  
  52  9:05  Sentry  
  54  9:10  Probe  
Tags
 
Add a new tag
Caveats
  • Supply blocks, unpowered buildings, or Contaminate may cause inaccurate times.
  • Supply counts are checked every 10 seconds.